 Dungeon Crawl Stone Soup version 0.31-a0-925-g0a390f2509 (webtiles) character file.

Game seed: 13650456524973651442

19 Azuregosa the Sneak (level 2, -3/21 HPs)
             Began as an Octopode Delver on Oct 18, 2023.
             Slain by a worm (8 damage)
             ... on level 3 of the Dungeon.
             The game lasted 00:02:05 (370 turns).

Azuregosa the Sneak (Octopode Delver)                Turns: 370, Time: 00:02:06

Health: -3/21      AC:  1    Str: 11    XL:     2   Next: 75%
Magic:  2/2        EV: 13    Int: 12    God:
Gold:   38         SH:  0    Dex: 13    Spells: 1/1 levels left

rFire   . . .        h - +0 spear
rCold   . . .        (no shield)
rNeg    . . .        (helmet restricted)
rPois   .            (no amulet)
rElec   .            (no ring)
rCorr   .            (no ring)
SInv    .            (no ring)
Will    .....        (no ring)
Stlth   +++++        (no ring)
HPRegen 0.23/turn    (no ring)
MPRegen 0.08/turn    (no ring)
                     (no ring)

%: no passive effects
@: no status effects
A: almost no armour, amphibious, 8 rings, camouflage 1, gelatinous body 1,
(nimble swimmer 1), tentacles
a: no special abilities


You were on level 3 of the Dungeon.
You visited 1 branch of the dungeon, and saw 4 of its levels.

You collected 38 gold pieces.

Inventory:

Hand Weapons
 a - a +0 mace
 h - a +0 spear (weapon)
 n - a +0 short sword
Missiles
 i - 9 boomerangs
 j - 12 stones
 m - 4 poisoned darts
Magical Staves
 g - a staff of air
Wands
 f - a wand of digging (3)
Scrolls
 b - a scroll of fog
 c - a scroll of revelation
 d - a scroll of fear
 l - a scroll of identify {unknown}
 p - a scroll of vulnerability {unknown}
Potions
 e - a potion of haste
 k - a potion of brilliance {unknown}
 o - a potion of mutation {unknown}


   Skills:
 - Level 3.0 Fighting
 - Level 2.0 Maces & Flails
 - Level 2.0 Dodging
 + Level 7.6 Stealth


You had one spell level left.
You didn't know any spells.
Your spell library was empty.

Dungeon Overview and Level Annotations

Branches:
Dungeon (6/15)
 Temple: D:4-7

Altars:
Lugonu

Annotations:
D:5 Prince Ribbit


Innate Abilities, Weirdness & Mutations

You cannot wear most types of armour.
You are amphibious.
You can wear up to eight rings at the same time.
Your skin changes colour to match your surroundings (Stealth+).
Your rubbery body absorbs attacks. (AC +1, EV +1)
((You are camouflaged when in or above water. (Stealth+)))
You have tentacles for arms and can constrict up to eight enemies at once.


Message History

You see here a glowing sapphire potion.
o - a glowing sapphire potion The kobold shouts!
You hear an angry hiss.
A ball python comes into view.
Your body is wracked with pain!
The kobold convulses!
The ball python convulses!
The goblin convulses!
The goblin shouts!
You see here a scroll labelled PEUB YMIARUU.
p - a scroll labelled PEUB YMIARUU The goblin hits you but does no damage.
You hit the goblin.
You kill the goblin!
A worm comes into view.
You closely miss the ball python. Your grab misses the ball python.
The ball python bites you. The ball python closely misses you.
The ball python barely misses you. x2; The kobold convulses!
Your body is wracked with pain!
Unknown command.
You hit the ball python. You grab the ball python.
The ball python is heavily wounded.
You constrict the ball python. The ball python barely misses you. x2
You hit the ball python.
You kill the ball python!
The kobold hits you with a +0 short sword.
You barely miss the kobold. You grab the kobold.
The kobold is moderately wounded.
You constrict the kobold, but do no damage.
The kobold hits you with a +0 short sword.
* * * LOW HITPOINT WARNING * * *
You hit the kobold but do no damage. You squeeze the kobold.
You kill the kobold!
Reach: h) +0 spear
Press: ? - help, Dir - move target, f - worm
Aim: a worm (about 21% to evade your +0 spear)
You reach to attack!
You hit the worm.
The worm is lightly wounded.
You hit the worm. Your grab misses the worm.
The worm is lightly wounded.
The worm bites you!
You die...

#.###.####.g.#####
#.................
#####.#####.....
#.# #.#.#
#.#####...####.
#.........#...#
#######........
###...#.#.#
#.@....#
#w#)#.#..#
...#..## *..
#.......).# _.
...###......# . ..
.......#.. #
####...##### ##.##
#.#


You could see a worm.

Vanquished Creatures
  An adder (D:4)
  An orc (D:5)
  A ball python (D:3)
  A goblin (D:3)
  A hobgoblin (D:4)
  2 kobolds (D:3)
  A quokka (D:5)
8 creatures vanquished.

Vanquished Creatures (others)
  2 lurking horrors (D:3)
2 creatures vanquished.

Grand Total: 10 creatures vanquished

Notes
Turn   | Place    | Note
-------+----------+-------------------------------------------
     0 | D:5      | Azuregosa the Octopode Delver began the quest for the Orb.
     0 | D:5      | Reached XP level 1. HP: 16/16 MP: 1/1
     1 | D:6      | Noticed a bullfrog
     1 | D:6      | Noticed a hound
   100 | D:5      | Noticed Prince Ribbit
   218 | D:4      | Reached skill level 7 in Stealth
   218 | D:4      | Reached XP level 2. HP: 21/21 MP: 2/2
   352 | D:3      | Found a corrupted altar of Lugonu.
   370 | D:3      | Slain by a worm

Illustrated notes

Levels and vault maps discovered:
D:3:      layout_loops_corners, amcnicky_altar_lugonu_corruption
D:4:      layout_layer_cave, mainiacjoe_overflow_alcove_2
D:5:      layout_gridville, led_sif_pool, supply_closet_lemuel,
          minmay_statues_item, uniq_prince_ribbit1
D:6:      lemuel_castle_with_subvaults [lemuel_castle_interior_carwin_2],
          layout_rooms, nicolae_titane

Skill      XL: |  1 |
---------------+----+-----
Stealth        | 7 |  7.6
Fighting       | |  3.0
Maces & Flails | |  2.0
Dodging        | |  2.0

Action                     || total
---------------------------++-------
  Melee: Spear             ||    21
         Constrict         ||     6
         Tentacles         ||     3
   Stab: Sleeping          ||     3
 Armour: Skin              ||     9
  Dodge: Dodged            ||    10

Table legend: (Time is in decaauts)
 A = Elapsed time spent in this place.
 B = Non-inter-level travel time spent in this place.
 C = Inter-level travel time spent in this place.
 D = Time resting spent in this place.
 E = Time spent auto-exploring this place.
 F = Levels seen in this place.
 G = Mean time per level.
                   A        B        C        D        E       F      G
               +--------+--------+--------+--------+--------+-----+--------+
         Total |    371 |    371 |      0 |     13 |    165 |   4 |   92.8 |
       Dungeon |    371 |    371 |      0 |     13 |    165 |   4 |   92.8 |
               +--------+--------+--------+--------+--------+-----+--------+

Top non-repeatable levels by time:
     D:5: 152 daAuts
     D:4: 135 daAuts
     D:3: 81 daAuts
     D:6: 1 daAuts
